 Dungeon Crawl Stone Soup version 0.31-a0-1074-g0b22e4e0f1 (webtiles) character file.

Game seed: 5872939997146923427

69 drugrobin the Sneak (level 3, -2/30 HPs)
             Began as a Demigod Delver on Dec 3, 2023.
             Slain by a gnoll bouda
             ... wielding a +0 club
              (9 damage)
             ... on level 4 of the Dungeon.
             The game lasted 00:02:51 (723 turns).

drugrobin the Sneak (Demigod Delver)                 Turns: 723, Time: 00:02:52

Health: -2/30      AC:  3    Str: 17    XL:     3   Next: 75%
Magic:  5/5        EV: 12    Int: 12    God:
Gold:   69         SH:  0    Dex: 15    Spells: 2/2 levels left

rFire   . . .        a - +0 mace
rCold   . . .        (no shield)
rNeg    . . .        b - +0 leather armour
rPois   .            (no helmet)
rElec   .            (no cloak)
rCorr   .            (no gloves)
SInv    .            (no boots)
Will    .....        (no amulet)
Stlth   +++          (no ring)
HPRegen 0.25/turn    (no ring)
MPRegen 0.09/turn

%: no passive effects
@: no status effects
A: high MP 1, forlorn, divine attributes
a: no special abilities


You were on level 4 of the Dungeon.
You visited 2 branches of the dungeon, and saw 3 of its levels.

You collected 69 gold pieces.

Inventory:

Hand Weapons
 a - a +0 mace (weapon)
 j - a +0 battleaxe
Missiles
 i - 4 stones
Armour
 b - a +0 leather armour (worn)
Wands
 g - a wand of digging (2)
 l - a wand of light (7)
Scrolls
 c - a scroll of fog
 d - a scroll of revelation
 e - a scroll of fear
 h - a scroll of enchant armour {unknown}
 m - a scroll of immolation {unknown}
 n - a scroll of identify {unknown}
Potions
 f - a potion of haste
 k - a potion of resistance {unknown}


   Skills:
 - Level 2.6 Fighting
 + Level 4.0 Maces & Flails
 - Level 1.7 Dodging
 - Level 4.5 Stealth


You had 2 spell levels left.
You didn't know any spells.
Your spell library was empty.

Dungeon Overview and Level Annotations

Branches:
Dungeon (5/15)             Temple (1/1) D:5

Annotations:
D:5 exclusions: adder, gnoll, hound and shadow imp
Temple 2 transporters


Innate Abilities, Weirdness & Mutations

You have an increased reservoir of magic. (+10% MP)
You shall have no god before yourself.
Your divine heritage dramatically boosts your attributes as you level up.


Message History

Unknown command.
The gnoll bouda hits you with a +0 club!
The gnoll misses you.
You climb upwards.
You hear the hiss of flowing sand.
There is an entrance to an ossuary on this level.
Hurry and find it before the portal is buried!
There is a stone staircase leading down here.
Unknown command.
Unknown command.
Unknown command.
Unknown command.
You hit the gnoll bouda but do no damage.
The gnoll bouda hits you with a +0 club!
Unknown command.
Unknown command.
Aiming: Bolt of Light
Press: ? - help, Shift-Dir - straight line, f - gnoll bouda
Aim: a gnoll bouda, wielding a +0 club and wearing a +0 leather armour (75% to hit)
The bolt of light hits the gnoll bouda!
The gnoll bouda is moderately wounded.
The gnoll bouda is blinded.
The gnoll bouda hits you but does no damage.
Unknown command.
Unknown command.
You hit the gnoll bouda.
The gnoll bouda is heavily wounded.
The gnoll bouda barely misses you. x2
You sock the gnoll bouda!
The gnoll bouda is severely wounded.
The gnoll bouda barely misses you.
You hit the gnoll bouda.
The gnoll bouda is almost dead.
The gnoll bouda hits you with a +0 club!
* * * LOW HITPOINT WARNING * * *
Unknown command.
Unknown command.
You hit the gnoll bouda.
The gnoll bouda is almost dead.
The gnoll bouda hits you with a +0 club!
You die... ## .. ####.####.# .......@g.# ####.######

You could see a gnoll bouda (blind).

Vanquished Creatures
  A scorpion (D:5)
  2 ufetubi (D:5)
  A dart slug (D:5)
4 creatures vanquished.

Notes
Turn   | Place    | Note
-------+----------+-------------------------------------------
     0 | D:5      | drugrobin the Demigod Delver began the quest for the Orb.
     0 | D:5      | Reached XP level 1. HP: 18/18 MP: 3/3
   273 | D:5      | Found a staircase to the Ecumenical Temple.
   293 | Temple   | Found a transporter.
   293 | Temple   | Found a transporter.
   293 | Temple   | Found a transporter.
   293 | Temple   | Found a transporter.
   293 | Temple   | Entered the Ecumenical Temple
   344 | D:5      | Noticed a scorpion
   374 | D:5      | Killed a scorpion
   375 | D:5      | Reached XP level 2. HP: 16/25 MP: 4/4
   375 | D:5      | Reached XP level 3. HP: 19/30 MP: 5/5
   723 | D:4      | Slain by a gnoll bouda

Illustrated notes

Levels and vault maps discovered:
D:4:      layout_loops_ring, zin_purify, nicolae_ossuary_entry_plus,
          minmay_fire_ice_demons
D:5:      layout_loops_ring, minmay_temple_entry_gardened_gates
Temple:   hellmonk_temple_divided_pantheon

Skill      XL: |  1  2  3 |
---------------+----------+-----
Maces & Flails | 3 4 |  4.0
Fighting       | |  2.6
Dodging        | |  1.7
Stealth        | |  4.5

Action                     || total
---------------------------++-------
  Melee: Mace              ||    27
  Evoke: Wand              ||     3
   Stab: Sleeping          ||     1
 Armour: Leather armour    ||    29
  Dodge: Dodged            ||    42

Table legend: (Time is in decaauts)
 A = Elapsed time spent in this place.
 B = Non-inter-level travel time spent in this place.
 C = Inter-level travel time spent in this place.
 D = Time resting spent in this place.
 E = Time spent auto-exploring this place.
 F = Levels seen in this place.
 G = Mean time per level.
                   A        B        C        D        E       F      G
               +--------+--------+--------+--------+--------+-----+--------+
         Total |    729 |    663 |     66 |    123 |    165 |   3 |  243.0 |
       Dungeon |    727 |    661 |     66 |    123 |    165 |   2 |  363.5 |
        Temple |      1 |      1 |      0 |      0 |      0 |   1 |    1.0 |
               +--------+--------+--------+--------+--------+-----+--------+

Top non-repeatable levels by time:
     D:5: 720 daAuts
     D:4: 6 daAuts
  Temple: 1 daAuts
